 Dungeon Crawl Stone Soup version bcrawl-1.32 (webtiles) character file.

Game seed: 1434477784542546727

127705 Morbidden the Ducker (level 5, -1/38 HPs)
             Began as a Demonspawn Archaeologist on June 27, 2021.
             Slain by an orc priest (4 damage)
             ... on level 3 of the Dungeon.
             The game lasted 00:03:38 (3146 turns).

Morbidden the Ducker (Demonspawn Archaeologist)     Turns: 3146, Time: 00:03:39

Health: -1/38      AC: 16    Str: 12    XL:     5   Next: 28%
Magic:  5/5        EV:  6    Int: 24    God:
Gold:   114        SH:  0    Dex: 12    Spells: 4/4 levels left

rFire    . . .     SeeInvis .     - Claws (8.6)
rCold    . . .     Gourm    .   (no shield)
rNeg     . . .     Faith    .   o - +3 chain mail
rPois    .         Spirit   .   h - +1 helmet "Jedinnot" {Int+6 Stlth+}
rElec    .         Reflect  .   (no cloak)
rCorr    .         Harm     .   (no gloves)
MR       .....                  k - +2 pair of boots
Stlth    ..........             n - amulet of magic regeneration
HPRegen  0.12/turn              l - +3 ring of intelligence
MPRegen  0.34/turn              (no ring)

@: no status effects
A: claws 1, talons 1, rot immunity
a: no special abilities


You were on level 3 of the Dungeon.
You were not hungry.

You visited 1 branch of the dungeon, and saw 4 of its levels.

You collected 114 gold pieces.

Inventory:

Hand Weapons
 b - a +1 blowgun
 r - a +0 hunting sling
Missiles
 f - 77 curare-tipped needles
Armour
 h - the +1 helmet "Jedinnot" (worn) {Int+6 Stlth+}
   (You acquired it on level 3 of the Dungeon)

   It affects your intelligence (+6).
   It makes you more stealthy.
 k - a +2 pair of boots (worn)
 o - a +3 chain mail (worn)
Jewellery
 l - a +3 ring of intelligence (left claw)
 n - an amulet of magic regeneration (around neck)
Wands
 a - a wand of iceblast (3)
Scrolls
 g - a scroll of magic mapping
 i - 4 scrolls of identify
Potions
 q - 2 potions of brilliance
Comestibles
 c - a chunk of flesh
 e - 2 rations {!d}


   Skills:
 * Level 1.7 Fighting
   Level 1.0 Maces & Flails
 + Level 0.9 Armour
 * Level 3.7 Dodging
 + Level 3.3 Stealth
 * Level 2.8 Unarmed Combat


You had 4 spell levels left.
You didn't know any spells.
Your spell library was empty.

Dungeon Overview and Level Annotations

Branches:
Dungeon (4/12)
 Temple: D:4-7

Altars:
Trog

Annotations:
D:4 Eustachio, Robin


Innate Abilities, Weirdness & Mutations

You have sharp fingernails.
You have sharp toenails.
You are immune to rotting.


Message History

You scratch the orc priest.
The orc priest is lightly wounded.
The orc hits you but does no damage.
You scratch the orc priest but do no damage.
The orc priest is lightly wounded.
The orc hits you with a +0 club.
The orc priest hits you but does no damage.
You scratch the orc priest but do no damage.
The orc priest is lightly wounded.
The orc priest calls down the wrath of Beogh upon you.
Beogh smites you!
* * * LOW HITPOINT WARNING * * *
The orc hits you but does no damage.
You scratch the orc priest.
The orc priest is lightly wounded.
The orc hits you but does no damage.
You scratch the orc priest but do no damage.
The orc priest is lightly wounded.
The orc priest hits you.
You die...

##..# #.... ##### ##..# ##...##
#..# ##.###.######## #..# ##.##
##[#.....# #..# #.## ##..###.#
##### #..# #.# #..#
#.#####...######..# #.##
##>.###o@.......#.......# ##.##
##.......#o###.......###.#
##.###.#.#####...###..###.###.#
##...#......[.#......# #......
##.##..#####...###..###.###.#
#.##..# ####.####......# #.#
#.##..# #.............## #.#
#.##..# #.#...........# #.#
#.##..###.#..#####.##.# #.#


You could see an orc priest and an orc.

Vanquished Creatures
  A crimson imp (D:3)
  A hound (D:3)
  2 adders (D:3)
  6 worms
  3 dart slugs
  A leopard gecko (D:3)
  4 orcs (D:3)
  3 giant cockroaches
  5 goblins
  4 hobgoblins
  12 jackals
  4 kobolds
  2 quokkas (D:2)
  3 bats
  7 frilled lizards (D:1)
  7 rats
65 creatures vanquished.

Notes
Turn   | Place    | Note
-------+----------+-------------------------------------------
     0 | D:1      | Morbidden the Demonspawn Archaeologist began the quest for
                  | the Orb.
     0 | D:1      | Reached XP level 1. HP: 15/15 MP: 1/1
    94 | D:1      | Reached skill level 1 in Maces & Flails
   303 | D:1      | Gained mutation: You have sharp fingernails. [demonic
                  | ancestry]
   303 | D:1      | Reached XP level 2. HP: 19/21 MP: 2/2
   611 | D:1      | Gained mutation: You have sharp toenails. [demonic
                  | ancestry]
   611 | D:1      | Reached XP level 3. HP: 26/26 MP: 3/3
  1239 | D:2      | Reached skill level 1 in Unarmed Combat
  1572 | D:2      | Found a faded altar of an unknown god.
  2135 | D:3      | Reached XP level 4. HP: 20/32 MP: 4/4
  2500 | D:3      | HP: 1/32 [crimson imp/flame tongue (4)]
  2621 | D:4      | Noticed Robin
  2621 | D:4      | Noticed Eustachio
  2648 | D:3      | Gained mutation: You are immune to rotting. [demonic
                  | ancestry]
  2648 | D:3      | Reached XP level 5. HP: 18/38 MP: 5/5
  2648 | D:3      | Identified a scroll of acquirement
  2648 | D:3      | Identified the +1 helmet "Jedinnot" {Int+6 Stlth+} (You
                  | acquired it on level 3 of the Dungeon)
  2891 | D:3      | Noticed a moth of wrath
  2894 | D:3      | Found a bloodstained altar of Trog.
  3146 | D:3      | Slain by an orc priest

Skill      XL: |  1  2  3  4 |
---------------+-------------+-----
Dodging        | 3 |  3.7
Maces & Flails | 1 |  1.0
Unarmed Combat | 1 2 |  2.8
Fighting       | |  1.7
Armour         | |  0.9
Stealth        | |  3.3

Action                   |  1- 3 |  4- 6 || total
-------------------------+-------+-------++-------
Melee: Whip              |    40 |       ||    40
       Unarmed           |   210 |   152 ||   362
       Punch             |       |     1 ||     1
Evoke: Wand              |       |     2 ||     2
  Use: Scroll            |     1 |     4 ||     5
       Potion            |       |     1 ||     1
 Stab: Sleeping          |     1 |       ||     1
  Eat: Chunk             |    10 |     3 ||    13
       Ration            |       |     1 ||     1
Armor: Robe              |    34 |       ||    34
       Chain mail        |    84 |   110 ||   194
Dodge: Dodged            |   118 |    50 ||   168
